 Dungeon Crawl Stone Soup version 0.30.1 (webtiles) character file.

Game seed: 11023175532758701881

592 Graphine the Conjurer (level 7, 0/56 HPs)
             Began as a White Draconian Conjurer on July 5, 2023.
             Was an Initiate of Sif Muna.
             Slain by an orc
             ... wielding a +0 whip
              (2 damage)
             ... on level 5 of the Dungeon.
             The game lasted 00:11:19 (3489 turns).

Graphine the Conjurer (White Draconian Conjurer)    Turns: 3489, Time: 00:11:20

Health: 0/56       AC:  7    Str:  9    XL:     7   Next: 16%
Magic:  2/11       EV: 13    Int: 20    God:    Sif Muna [......]
Gold:   198        SH:  0    Dex: 16    Spells: 6/12 levels left

rFire   . . .        n - staff of earth
rCold   + . .        (no shield)
rNeg    . . .        (body armour unavailable)
rPois   .            (helmet restricted)
rElec   .            c - scarf {repulsion}
rCorr   .            t - +0 pair of gloves
SInv    .            (no boots)
Will    .....        (no amulet)
Stlth   +            d - +6 ring of dexterity
HPRegen 0.29/turn    (no ring)
MPRegen 0.12/turn

%: repel missiles
@: confused, mighty, very slightly contaminated
A: breathe frost, AC +6, unfitting armour, cold resistance 1, cold-blooded
a: Breathe Frost, Renounce Religion


You were on level 5 of the Dungeon.
You worshipped Sif Muna.
Sif Muna was noncommittal.
You visited 1 branch of the dungeon, and saw 5 of its levels.

You collected 198 gold pieces.

Inventory:

Hand Weapons
 k - a +0 short sword
Armour
 c - a scarf of repulsion (worn)
 f - a scarf of harm
 t - a +0 pair of gloves (worn)
Magical Staves
 n - a staff of earth (weapon)
Jewellery
 d - a +6 ring of dexterity (left hand)
 e - an amulet of guardian spirit
 v - a +5 ring of evasion
Scrolls
 h - a scroll of fear {unknown}
 m - a scroll of immolation {unknown}
 q - a scroll of identify
 r - a scroll of amnesia {unknown}
 u - a scroll of teleportation {unknown}
Potions
 g - 3 potions of mutation
 i - a potion of curing {unknown}
 j - 3 potions of resistance
 l - a potion of cancellation {unknown}
 o - a potion of flight {unknown}
 p - a potion of degeneration {unknown}
 s - a potion of invisibility {unknown}


   Skills:
 + Level 2.7 Fighting
 + Level 1.5 Staves
 + Level 2.9 Dodging
 - Level 1.7 Stealth
 + Level 3.1 Spellcasting
 * Level 5.5 Conjurations
 * Level 2.1 Air Magic
 + Level 1.6 Earth Magic
 * Level 2.0 Poison Magic
 + Level 1.2 Evocations


You had 6 spell levels left.
You knew the following spells:

 Your Spells              Type           Power      Damage    Failure   Level
a - Magic Dart            Conj           100%       1d8       1%          1
b - Searing Ray           Conj           50%        2d6       2%          2
c - Mephitic Cloud        Conj/Pois/Air  16%        N/A       11%         3

Your spell library contained the following spells:

 Spells                   Type           Power      Damage    Failure   Level
 Dazzling Flash           Conj/Hex       28%        N/A       14%         3
 Call Imp                 Summ           6%         N/A       22%         2
 Fulminant Prism          Conj/Hex       7%         3d7       41%         4
 Iskenderun's Mystic Bla  Conj/Tloc      14%        2d5       41%         4


Dungeon Overview and Level Annotations

Branches:
Dungeon (5/15)
 Temple: D:4-7

Altars:
Makhleb
Sif Muna

Shops:
D:4 :


Innate Abilities, Weirdness & Mutations

You can breathe waves of freezing cold which knock back foes.
Your icy white scales are hard. (AC +6)
You cannot fit into any form of body armour.
Your flesh is cold resistant. (rC+)
You are cold-blooded and may be slowed by cold attacks.


Message History

A puff of flame appears from out of thin air!
The puff of flame hits you!
* * * LOW HITPOINT WARNING * * *
An orc wizard comes into view. It is wielding a +0 dagger.
Okay, then.
Okay, then.
Something barely misses you. Something hits you.
* * * LOW HITPOINT WARNING * * *
Casting: Searing Ray (safe; 2% risk of failure)
Confirm with . or Enter, or press ? or * to list all spells.
Aiming: Searing Ray (safe; 2% risk of failure)
Press: ? - help, Shift-Dir - straight line, f - orc
Aim: an orc, wielding a +0 whip and wearing a +0 chain mail (85% to hit)
You miscast Searing Ray.
You are very lightly contaminated with residual magic.
Nothing appears to happen.
Something hits you.
* * * LOW HITPOINT WARNING * * *
Casting: Searing Ray (safe; 2% risk of failure)
Confirm with . or Enter, or press ? or * to list all spells.
Aiming: Searing Ray (safe; 2% risk of failure)
Press: ? - help, Shift-Dir - straight line, f - orc priest, p - orc
Aim: an orc priest, wielding a +0 club (79% to hit)
The searing ray hits something!
The searing ray hits the iguana!
You kill the iguana!
Sif Muna accepts your kill.
The searing ray hits the orc but does no damage.
The searing ray hits the orc priest.
The orc priest is lightly wounded. (Press . to maintain the ray.)
You hear some strange, mumbled words.
You are confused.
You hear some strange, mumbled words.
You are more confused.
Okay, then.
You're too confused to cast spells.
You bump into the rock wall.
Something hits you.
* * * LOW HITPOINT WARNING * * *
You bump into the rock wall.
The orc hits you with a +0 whip.
You die...

.<.......##
......#
....######
.#.o..# ###.#
....# #.###
###oo# #...###
#o)..# ###...#
#o#....# ###.#
###o#....#
#.##
###...##.....#
#..### #@oo###
#.....
##...#####.###
w#.##
###...#...#
#.# ###....##
# ##$..#
#....#.#
#..####...
#..> ##....
r.# ....#


You could see an orc priest and 2 orcs.

Vanquished Creatures
  An ice beast (D:5)
  A centaur (D:5)
  A phantom (D:4)
  A howler monkey (D:4)
  2 orc priests
  A jelly (D:4)
  An iguana (D:5)
  A sleepcap (D:4)
  An orc wizard (D:3)
  6 adders
  2 dart slugs
  14 orcs
  2 ball pythons
  An endoplasm (D:1)
  3 giant cockroaches (D:2)
  5 goblins
  6 hobgoblins
  2 jackals (D:2)
  2 quokkas
  9 bats
  3 frilled lizards (D:2)
  6 kobolds
  6 rats
77 creatures vanquished.

Notes
Turn   | Place    | Note
-------+----------+-------------------------------------------
     0 | D:1      | Graphine the Draconian Conjurer began the quest for the
                  | Orb.
     0 | D:1      | Reached XP level 1. HP: 14/14 MP: 3/3
   522 | D:1      | Reached XP level 2. HP: 22/22 MP: 1/5
   830 | D:2      | Reached skill level 1 in Fighting
   842 | D:2      | Learned a level 2 spell: Searing Ray
   921 | D:2      | Reached XP level 3. HP: 28/28 MP: 2/6
  1292 | D:2      | Found a burning altar of Makhleb.
  1732 | D:2      | You fall into a shaft and drop 2 floors!
  1780 | D:3      | Reached XP level 4. HP: 28/35 MP: 4/7
  1971 | D:3      | Reached XP level 5. HP: 27/41 MP: 0/9
  2100 | D:3      | Reached skill level 5 in Conjurations
  2330 | D:3      | Learned a level 3 spell: Mephitic Cloud
  2366 | D:4      | Found Oxtogh's Book Boutique.
  2449 | D:4      | Noticed a phantom
  2460 | D:4      | Killed a phantom
  2461 | D:4      | Reached skill level 1 in Staves
  2461 | D:4      | Reached skill level 1 in Earth Magic
  2590 | D:4      | Reached skill level 1 in Air Magic
  2590 | D:4      | Reached skill level 1 in Poison Magic
  2590 | D:4      | Reached XP level 6. HP: 48/48 MP: 4/10
  3214 | D:4      | Found a shimmering blue altar of Sif Muna.
  3327 | D:4      | Became a worshipper of Sif Muna the Loreminder
  3346 | D:5      | Entered Level 5 of the Dungeon
  3387 | D:5      | Reached skill level 1 in Evocations
  3461 | D:5      | Noticed an ice beast
  3474 | D:5      | Killed an ice beast
  3475 | D:5      | Your scales start taking on an icy white colour.
  3475 | D:5      | Reached XP level 7. HP: 29/56 MP: 9/11
  3475 | D:5      | Gained mutation: Your flesh is cold resistant. (rC+) [White
                  | Draconian growth]
  3488 | D:5      | HP: 2/56 [something (3)]
  3489 | D:5      | Slain by an orc

Illustrated notes

Levels and vault maps discovered:
D:1:      beargit_arrival_diablo_church, layout_basic
D:2:      layout_loops_cross, basic_altar, minmay_splitting_lines,
          minmay_fountain_box
D:3:      layout_loops_ring
D:4:      layout_basic, mainiacjoe_overflow_surrounded_room, serial_shops,
          nicolae_shop_tiny_waterfront
D:5:      layout_rooms, nicolae_ashenzari_skybound, kennysheep_okawaru_gauntlet,
          cheibrodos_sewer_entry_bend, ebering_dispersal_statue_hall

Skill      XL: |  1  2  3  4  5  6 |
---------------+-------------------+-----
Dodging        | 2 |  2.9
Fighting       | 1 2 |  2.7
Conjurations   | 5 |  5.5
Staves         | 1 |  1.5
Earth Magic    | 1 |  1.6
Air Magic      | 1 2 |  2.1
Poison Magic   | 1 2 |  2.0
Evocations     | 1 |  1.2
Spellcasting   | 3 |  3.1
Stealth        | |  1.7

Action                     |  1- 3 |  4- 6 |  7- 9 || total
---------------------------+-------+-------+-------++-------
  Melee: Unarmed           |    21 |       |       ||    21
         Tailslap          |     5 |     4 |       ||     9
         Punch             |     2 |     1 |       ||     3
         Staff             |     6 |    21 |       ||    27
         Short sword       |     3 |       |       ||     3
   Cast: Magic Dart        |    55 |    54 |       ||   109
         Searing Ray       |     2 |    11 |     2 ||    15
         Mephitic Cloud    |       |     2 |       ||     2
    Use: Scroll            |     3 |     4 |       ||     7
         Potion            |       |     2 |       ||     2
 Armour: Skin              |     8 |    24 |     3 ||    35
  Dodge: Dodged            |    24 |    52 |     1 ||    77
         Repelled          |     2 |       |       ||     2
